 Dungeon Crawl Stone Soup version 0.25-a0-1133-g93ebf73 (webtiles) character file.

Game seed: 7880811718702473073, levelgen mode: deterministic

3923 Fernandocris the Cleaver (level 10, -4/91 HPs)
             Began as a Ghoul Gladiator on May 22, 2020.
             Was a Believer of Wu Jian.
             Slain by a manticore (7 damage)
             ... on level 7 of the Dungeon.
             The game lasted 00:24:46 (10393 turns).

Fernandocris the Cleaver (Ghoul Gladiator)         Turns: 10393, Time: 00:24:47

Health: -4/91      AC: 13    Str: 22    XL:     10   Next: 20%
Magic:  9/9        EV:  6    Int:  3    God:    Wu Jian [**....]
Gold:   325        SH:  9    Dex: 10    Spells: 9/9 levels left

rFire    . . .     SeeInvis .   a - +1 war axe
rCold    + . .     Gourm    .   l - +0 buckler
rNeg     + + +     Faith    .   D - +1 plate armour
rPois    ∞         Spirit   .   c - +0 helmet
rElec    .         Reflect  +   (no cloak)
rCorr    .         Harm     .   u - +0 pair of gloves
MR       +....                  (no boots)
Stlth    ..........             n - amulet of reflection
HPRegen  0.00/turn              C - ring of protection from magic
MPRegen  0.11/turn              A - ring of stealth

@: rotting
A: rotting body, claws 1, carnivore, cold resistance 1, negative energy
resistance 3, inhibited regeneration, torment resistance, unbreathing
a: Wall Jump, Renounce Religion


You were on level 7 of the Dungeon.
You worshipped Wu Jian.
Wu Jian was pleased with you.
You were not hungry.

You visited 2 branches of the dungeon, and saw 9 of its levels.

You collected 325 gold pieces.

Inventory:

Hand Weapons
 a - a +1 war axe (weapon)
 e - a +0 hunting sling
 q - a +4 whip
Missiles
 g - 167 stones (quivered)
 j - 5 boomerangs
Armour
 b - a +0 leather armour
 c - a +0 helmet (worn)
 h - a +0 chain mail
 l - a +0 buckler (worn)
 u - a +0 pair of gloves (worn)
 D - a +1 plate armour (worn)
Magical Staves
 v - an uncursed staff of wizardry
Jewellery
 n - an amulet of reflection (around neck)
 p - an uncursed ring of positive energy
 A - a ring of stealth (right hand)
 B - an uncursed ring of ice
 C - a ring of protection from magic (left hand)
Scrolls
 o - a scroll of noise {unknown}
 t - 2 scrolls of remove curse
 w - a scroll of amnesia
 y - a scroll of teleportation {unknown}
Potions
 m - a potion of might
 r - a potion of stabbing
 s - a potion of invisibility
 x - 2 potions of curing
 z - 2 potions of ambrosia
Comestibles
 f - 11 rations


   Skills:
 + Level 9.2 Fighting
 * Level 10.9 Axes
 - Level 1.7 Throwing
 - Level 2.6 Dodging
 + Level 2.4 Shields


You had 9 spell levels left.
You didn't know any spells.
Your spell library was empty.

Dungeon Overview and Level Annotations

Branches:
Dungeon (8/15)             Temple (1/1) D:5
   Lair: D:8-11

Altars:
Ashenzari
Cheibriados
Dithmenos
Elyvilon
Fedhas
Gozag
Hepliaklqana
Kikubaaqudgha
Makhleb
Nemelex Xobeh
Okawaru
Qazlal
Trog
Vehumet
Wu Jian
Xom
Yredelemnul
Zin
The Shining One

Annotations:
D:6 exclusion: oklob plant


Innate Abilities, Weirdness & Mutations

Your body is rotting away.
You thrive on raw meat.
You are immune to poison.
You have sharp fingernails.
You are carnivorous and can eat meat at any time.
Your flesh is cold resistant. (rC+)
You are immune to negative energy. (rN+++)
You do not regenerate when monsters are visible.
You are immune to unholy pain and torment.
You can survive without breathing.


Message History

The manticore claws you.
* * * LOW HITPOINT WARNING * * *
Your plate armour prevents you from hitting the manticore.
The manticore is almost dead.
The manticore barely misses you.
The manticore claws you but does no damage. x2
You hit the manticore but do no damage.
The manticore is almost dead.
The manticore bites you!
* * * LOW HITPOINT WARNING * * *
The manticore claws you but does no damage.
You block the manticore's attack.
Unknown command.
Okay, then.
Okay, then.
You feel better.
The manticore bites you but does no damage.
The manticore claws you but does no damage.
The manticore claws you!
You die...

.....#########........#
.............######...#
..................#...#
..................######
.......................#
..........÷)...........#
...........>...........#
.....#####+##..........#
.....#......#...@H.....#
.....#......#...<......#
.....#......'....).....#
.....########.....######
.....#....>.#.....#
.....#......#.....#
.....#......#.....#
.....'....>.#.....#
.....#......#######


You could see a manticore.

Vanquished Creatures
  Pikel (D:4)
  Grinder (D:5)
  A hippogriff (D:7)
  A steam dragon (D:8)
  2 porcupines (D:8)
  A sky beast (D:6)
  An ice beast (D:8)
  2 orc warriors (D:6)
  2 phantoms
  3 ogres
  A necrophage (D:6)
  A centaur (D:5)
  A crocodile (D:7)
  Blork the orc (D:4)
  A big kobold (D:7)
  3 bullfrogs
  A wyvern zombie (D:8)
  A water moccasin skeleton (D:5)
  3 scorpions
  2 howler monkeys
  2 crimson imps
  8 jellies
  A centaur zombie (D:5)
  A hound (D:8)
  4 orc wizards
  A bullfrog skeleton (D:2)
  A centaur skeleton (D:7)
  2 iguanas
  7 worker ants
  A worker ant zombie (D:7)
  Robin (D:4)
  A howler monkey skeleton (D:6)
  7 adders
  3 shadow imps
  17 oozes
  An adder zombie (D:5)
  3 adder skeletons
  4 worms
  4 dart slugs
  4 leopard geckos
  18 orcs
  3 ball pythons
  6 bats
  5 giant cockroaches
  9 hobgoblins
  16 jackals
  7 kobolds
  5 quokkas
  5 frilled lizards
  10 goblins
  4 rats
  A plant (D:8)
192 creatures vanquished.

Vanquished Creatures (others)
  A scorpion (D:4)
  A worker ant (D:8)
  An adder (D:3)
  A kobold (D:8)
  6 fungi (D:6)
10 creatures vanquished.

Grand Total: 202 creatures vanquished

Notes
Turn   | Place    | Note
-------+----------+-------------------------------------------
     0 | D:1      | Fernandocris the Ghoul Gladiator began the quest for the
                  | Orb.
     0 | D:1      | Reached XP level 1. HP: 17/17 MP: 0/0
   119 | D:1      | Reached skill level 3 in Axes
   236 | D:1      | Reached XP level 2. HP: 25/25 MP: 1/1
   931 | D:2      | Reached XP level 3. HP: 27/30 MP: 2/2
   970 | D:2      | Reached XP level 4. HP: 24/38 MP: 3/3
  1126 | D:2      | Reached skill level 4 in Axes
  1830 | D:3      | Found a radiant altar of Vehumet.
  2141 | D:3      | Found a shadowy altar of Dithmenos.
  2159 | D:3      | Reached XP level 5. HP: 30/45 MP: 4/4
  2543 | D:3      | Found a shimmering altar of Xom.
  2984 | D:4      | Found a bloodstained altar of Trog.
  3248 | D:4      | Reached skill level 5 in Axes
  3373 | D:4      | Noticed a slave
  3373 | D:4      | Noticed a slave
  3373 | D:4      | Noticed a slave
  3374 | D:4      | Noticed a slave
  3375 | D:4      | Noticed Pikel
  3428 | D:4      | Killed Pikel
  3428 | D:4      | Reached skill level 5 in Fighting
  3428 | D:4      | Reached skill level 6 in Axes
  3428 | D:4      | Reached XP level 6. HP: 34/56 MP: 5/5
  3428 | D:4      | Reached XP level 7. HP: 37/61 MP: 6/6
  3746 | D:4      | Noticed Blork the orc
  3770 | D:4      | Killed Blork the orc
  4014 | D:4      | Noticed Robin
  4028 | D:4      | Killed Robin
  4263 | D:4      | Reached skill level 7 in Axes
  4379 | D:4      | Reached XP level 8. HP: 66/70 MP: 7/7
  4845 | D:5      | Entered Level 5 of the Dungeon
  4876 | D:5      | Noticed Grinder
  4877 | D:5      | Paralysed by Grinder for 7 turns
  4894 | D:5      | Killed Grinder
  5101 | D:5      | Found a staircase to the Ecumenical Temple.
  5111 | Temple   | Entered the Ecumenical Temple
  5212 | Temple   | Became a worshipper of the Wu Jian Council
  5366 | D:5      | Found a shattered altar of Ashenzari.
  5440 | D:5      | Found an iron altar of Okawaru.
  5440 | D:5      | Found a basalt altar of Yredelemnul.
  5446 | D:5      | Reached skill level 8 in Axes
  5938 | D:6      | Reached XP level 9. HP: 51/79 MP: 8/8
  5941 | D:6      | Reached skill level 9 in Axes
  6385 | D:6      | Found an ancient bone altar of Kikubaaqudgha.
  7300 | D:6      | Noticed an oklob plant
  7322 | D:6      | Reached * piety under Wu Jian
  8218 | D:7      | Reached skill level 10 in Axes
  8443 | D:7      | Found an opulent altar of Gozag.
  8479 | D:7      | Found a snail-covered altar of Cheibriados.
  8885 | D:7      | Reached skill level 1 in Shields
  9174 | D:7      | Reached XP level 10. HP: 74/90 MP: 9/9
 10024 | D:8      | Noticed a two-headed ogre
 10030 | D:8      | Reached ** piety under Wu Jian
 10387 | D:7      | Noticed a manticore
 10387 | D:7      | a two-headed ogre changed into a manticore
 10392 | D:7      | HP: 1/88 [manticore (15)]
 10393 | D:7      | Slain by a manticore

Illustrated notes

Levels and vault maps discovered:
D:1:      minmay_arrival_shattered_statue, layout_basic, st_stairs_6
D:2:      layout_basic
D:3:      layout_basic, nicolae_dithmenos_shadow_blocks,
          overflow_temple_1_default, fiery_altar_vehumet
D:4:      layout_loops_corners, bloody_trog, first_ration,
          kennysheep_generic_room_5, uniq_pikel, uniq_robin, uniq_blork_the_orc
D:5:      layout_loops_cross, kennysheep_mini, gammafunk_temple_overflow_pools,
          minmay_temple_entry_fiery, uniq_grinder
D:6:      lemuel_slime, layout_loops_cross, lemuel_round_altar, minmay_bent
D:7:      layout_gridville, slow_altar_1, basic_altar
D:8:      layout_rooms, old_standard_altar, grunt_gozag_breadcrumbs,
          grunt_lair_entry_orc_guard_hut, minmay_guarded_unrand_variability
Temple:   compressed_dpeg_triangle_lava_temple

Skill      XL: |  1  2  3  4  5  6  7  8  9 10 |
---------------+-------------------------------+-----
Axes           | 3 4 6 7 8 10 | 10.9
Fighting       | 3 5 7 8 9 |  9.2
Shields        | 1 2 |  2.4
Throwing       | |  1.7
Dodging        | |  2.6

Action                   |  1- 3 |  4- 6 |  7- 9 | 10-12 || total
-------------------------+-------+-------+-------+-------++-------
Melee: War axe           |    54 |   207 |   398 |    62 ||   721
Throw: Throwing net      |       |     1 |     3 |       ||     4
       Stone             |       |       |     1 |       ||     1
Invok: Lunge             |       |       |    16 |       ||    16
       Whirlwind         |       |       |       |     2 ||     2
Evoke: Wand              |       |       |       |     2 ||     2
  Use: Scroll            |     4 |     4 |     8 |     1 ||    17
       Potion            |       |     8 |     7 |     1 ||    16
 Stab: Invisible         |       |     2 |     6 |       ||     8
       Sleeping          |       |     2 |       |       ||     2
  Eat: Chunk             |     1 |     4 |    23 |       ||    28
       Ration            |       |     2 |       |     1 ||     3
Armor: Leather armour    |     6 |       |       |       ||     6
       Chain mail        |    31 |   167 |    91 |       ||   289
       Plate armour      |       |       |    99 |    35 ||   134
Dodge: Dodged            |    34 |   128 |   118 |    17 ||   297
Block: Buckler           |       |       |   117 |    42 ||   159
       Other             |       |       |     4 |       ||     4
       Reflection        |       |       |     5 |       ||     5

Table legend:
 A = Non-vault XP
 B = Vault XP
 C = Vault XP percentage of total XP
 D = Non-vault monster count
 E = Vault monster count
 F = Vault count percentage of total count
                 A         B        C        D         E       F
            +---------+---------+-------+---------+---------+-------
      Total |    3180 |    2425 |  43.3 |     142 |      49 |  25.7
            +---------+---------+-------+---------+---------+-------
        D:1 |      26 |       0 |   0.0 |      12 |       0 |   0.0
        D:2 |      94 |       0 |   0.0 |      20 |       0 |   0.0
        D:3 |      67 |       0 |   0.0 |      26 |       0 |   0.0
        D:4 |     280 |     786 |  73.7 |      20 |      14 |  41.2
        D:5 |     446 |     272 |  37.9 |      15 |       1 |   6.2
        D:6 |     623 |     916 |  59.5 |      18 |      29 |  61.7
        D:7 |    1221 |      79 |   6.1 |      24 |       2 |   7.7
        D:8 |     423 |     372 |  46.8 |       7 |       3 |  30.0
            +---------+---------+-------+---------+---------+-------
